 Dungeon Crawl Stone Soup version 0.30-a0-55-g90e3122c3a (webtiles) character file.

Game seed: 12300171983795615300

160 AarnesTheHuman the Cudgeller (level 5, -2/54 HPs)
             Began as an Ogre Gladiator on Sept 9, 2022.
             Slain by Dowan
             ... wielding a +0 dagger
              (5 damage)
             ... on level 4 of the Dungeon.
             The game lasted 00:06:07 (4118 turns).

AarnesTheHuman the Cudgeller (Ogre Gladiator)       Turns: 4118, Time: 00:06:08

Health: -2/54      AC:  3    Str: 20    XL:     5   Next: 41%
Magic:  5/5        EV: 10    Int:  9    God:
Gold:   241        SH:  0    Dex: 10    Spells: 4/4 levels left

rFire   . . .      SeeInvis .    C - +4 falchion
rCold   . . .      Faith    .    (no shield)
rNeg    . . .      Spirit   .    f - +0 robe
rPois   .          Reflect  .    c - +0 hat
rElec   .          Harm     .    (no cloak)
rCorr   +          Rampage  .    (gloves unavailable)
Will    .....                    (boots unavailable)
Stlth   +.........               E - amulet of the acrobat
HPRegen 0.18/turn                o - ring of resist corrosion
MPRegen 0.09/turn                (no ring)

@: lit by a corona, glowing
A: large, unfitting armour, tough skin 1
a: no special abilities


You were on level 4 of the Dungeon.
You visited 2 branches of the dungeon, and saw 5 of its levels.

You collected 241 gold pieces.

Inventory:

Hand Weapons
 a - a +0 whip
 b - a +0 dagger
 h - a +0 flail
 C - a +4 falchion (weapon)
Missiles
 d - a throwing net (quivered)
 e - a large rock
 i - 29 stones
 w - 2 curare-tipped darts
Armour
 c - a +0 hat (worn)
 f - a +0 robe (worn)
Jewellery
 o - a ring of resist corrosion (left hand)
 t - a ring of ice
 E - an amulet of the acrobat (around neck)
Wands
 y - a wand of charming (4)
 F - a wand of flame (13)
Scrolls
 k - 2 scrolls of blinking {unknown}
 l - a scroll of enchant armour {unknown}
 n - a scroll of fear {unknown}
 q - a scroll of teleportation {unknown}
 r - a scroll of vulnerability {unknown}
 s - a scroll of fog {unknown}
 u - 3 scrolls of identify {unknown}
 x - 2 scrolls of summoning {unknown}
 D - a scroll of amnesia {unknown}
 G - a scroll of noise {unknown}
Potions
 g - 2 potions of berserk rage {unknown}
 j - a potion of flight {unknown}
 m - a potion of heal wounds {unknown}
 p - a potion of mutation {unknown}
 v - a potion of attraction {unknown}
 z - 2 potions of cancellation {unknown}
 A - 2 potions of curing
 B - a potion of degeneration {unknown}


   Skills:
 + Level 4.0 Fighting
 - Level 5.0 Maces & Flails
 - Level 2.0 Throwing
 - Level 2.6 Dodging


You had 4 spell levels left.
You didn't know any spells.
Your spell library contained the following spells:

 Spells                   Type           Power      Damage    Failure   Level
 Apportation              Tloc           0%         N/A       38%         1
 Necrotise                Necr           0%         1d4       38%         1
 Summon Small Mammal      Summ           0%         N/A       38%         1
 Scorch                   Fire           0%         2d5       52%         2
 Flame Wave               Conj/Fire      0%         2d4       99%         4
 Summon Cactus Giant      Summ           0%         N/A       100%        6


Dungeon Overview and Level Annotations

Branches:
Dungeon (4/15)             Temple (1/1) D:4

Altars:
Ashenzari
Cheibriados
Dithmenos
Fedhas
Kikubaaqudgha
Makhleb
Nemelex Xobeh
Qazlal
Sif Muna
Uskayaw
Vehumet
Yredelemnul
Zin
The Shining One

Annotations:
D:3 exclusion: downstairs
D:4 Dowan, Duvessa


Innate Abilities, Weirdness & Mutations

You are too large for most types of armour.
You have tough skin. (AC +1)


Message History

Duvessa is heavily wounded.
Duvessa closely misses you. Dowan completely misses you.
You slash Duvessa!
Duvessa is severely wounded.
Duvessa hits you with a +0 short sword! Dowan gestures at you while chanting.
You are outlined in light.
You hit Duvessa but do no damage.
Duvessa is severely wounded.
Duvessa hits you with a +0 short sword.
Dowan smirks and points a slender finger.
Dowan gestures at you while chanting. The puff of flame hits you!
Duvessa gestures with her weapon.
Duvessa misses you.
Dowan says, "Magic and the sword, together, will defeat you."
Dowan hits you with a +0 dagger.
You hit Duvessa but do no damage.
Duvessa is severely wounded.
Duvessa hits you but does no damage. Dowan hits you with a +0 dagger.
You barely miss Duvessa.
Duvessa is severely wounded.
Duvessa barely misses you. Dowan hits you with a +0 dagger.
You slash Duvessa!
Duvessa is almost dead.
Duvessa hits you with a +0 short sword!
* * * LOW HITPOINT WARNING * * *
Dowan hits you with a +0 dagger.
* * * LOW HITPOINT WARNING * * *
You barely miss Duvessa.
Duvessa is almost dead.
Duvessa hits you with a +0 short sword.
* * * LOW HITPOINT WARNING * * *
Dowan gestures at you while chanting. The puff of frost hits you.
* * * LOW HITPOINT WARNING * * *
Duvessa hits you with a +0 short sword.
* * * LOW HITPOINT WARNING * * *
Dowan hits you with a +0 dagger.
You die...

## .# ###. .# ... .# .. .#
# #.#.## #.##....####.#
#....e#......# #e@..# .#
#.#.#####.# #....##...###.#
#. ##.............. ....
..). ........#....###.##
...#
......####...............
...#.......
##....##....###.##
>..#.......##.....###.#..[#
...# ..............##.###.#
#..


You could see Duvessa and Dowan.

Vanquished Creatures
  A hound (D:4)
  Terence (D:3)
  3 adders
  3 worms
  A dart slug (D:1)
  3 orcs (D:3)
  9 endoplasms
  A giant cockroach (D:3)
  4 goblins
  3 hobgoblins
  3 jackals (D:1)
  3 quokkas
  4 ball pythons
  5 bats
  6 frilled lizards
  6 kobolds
  9 rats
65 creatures vanquished.

Notes
Turn   | Place    | Note
-------+----------+-------------------------------------------
     0 | D:1      | AarnesTheHuman the Ogre Gladiator began the quest for the
                  | Orb.
     0 | D:1      | Reached XP level 1. HP: 22/22 MP: 1/1
    62 | D:1      | Reached skill level 3 in Maces & Flails
   170 | D:1      | Reached XP level 2. HP: 25/29 MP: 2/2
   884 | D:2      | Reached XP level 3. HP: 33/36 MP: 3/3
  1152 | D:2      | Reached skill level 4 in Maces & Flails
  2160 | D:3      | Noticed Terence
  2184 | D:3      | Killed Terence
  2185 | D:3      | Reached XP level 4. HP: 23/44 MP: 4/4
  3000 | D:3      | Reached skill level 5 in Maces & Flails
  3216 | D:3      | Reached XP level 5. HP: 49/52 MP: 5/5
  3676 | D:4      | Noticed a kobold brigand
  3728 | D:4      | Found a staircase to the Ecumenical Temple.
  3737 | Temple   | Entered the Ecumenical Temple
  4103 | D:4      | Noticed Duvessa
  4103 | D:4      | Noticed Dowan
  4118 | D:4      | Slain by Dowan

Illustrated notes

Levels and vault maps discovered:
D:1:      wheals_arrival_shading, layout_rooms, minmay_cut_off
D:2:      layout_basic, bh_walls_and_bars
D:3:      mumra_celtic_spiral_tile, layout_rooms, kennysheep_generic_room_12,
          uniq_terence
D:4:      layout_loops_ring, kennysheep_little_box, minmay_temple_entry_waves,
          uniq_duvessa
Temple:   eino_temple_water

Skill      XL: |  1  2  3  4  5 |
---------------+----------------+-----
Maces & Flails | 3 4 5 |  5.0
Fighting       | 4 |  4.0
Throwing       | |  2.0
Dodging        | |  2.6

Action                   |  1- 3 |  4- 6 || total
-------------------------+-------+-------++-------
Melee: Flail             |    20 |       ||    20
       Whip              |   107 |   105 ||   212
       Punch             |     2 |       ||     2
       Dagger            |     2 |       ||     2
       Falchion          |       |    13 ||    13
Throw: Throwing net      |     3 |     1 ||     4
       Dart              |     2 |       ||     2
 Stab: Sleeping          |     1 |       ||     1
Armor: Robe              |    35 |    30 ||    65
Dodge: Dodged            |    66 |    69 ||   135

Table legend: (Time is in decaauts)
 A = Elapsed time spent in this place.
 B = Non-inter-level travel time spent in this place.
 C = Inter-level travel time spent in this place.
 D = Time resting spent in this place.
 E = Time spent auto-exploring this place.
 F = Levels seen in this place.
 G = Mean time per level.
                   A        B        C        D        E       F      G
               +--------+--------+--------+--------+--------+-----+--------+
         Total |   4099 |   3980 |    119 |    147 |   3252 |   5 |  819.8 |
       Dungeon |   3874 |   3769 |    105 |    147 |   3053 |   4 |  968.5 |
        Temple |    224 |    210 |     14 |      0 |    199 |   1 |  224.0 |
               +--------+--------+--------+--------+--------+-----+--------+

Top non-repeatable levels by time:
     D:3: 1501 daAuts
     D:2: 1113 daAuts
     D:1: 847 daAuts
     D:4: 412 daAuts
  Temple: 224 daAuts
